 Dungeon Crawl Stone Soup version 0.22-a0-254-gaf95ca0 (webtiles) character file.

80 mhoghedin the Skirmisher (level 4, -1/37 (40) HPs)
             Began as a Ghoul Monk on Mar 4, 2018.
             Slain by a gnoll
             ... wielding a +0 spear
              (6 damage)
             ... on level 2 of the Dungeon.
             The game lasted 00:02:13 (1027 turns).

mhoghedin the Skirmisher (Ghoul Monk)               Turns: 1027, Time: 00:02:14

HP:   -1/37 (40)    AC:  8    Str: 15    XL:     4   Next: 39%
MP:   3/3           EV: 17    Int:  5    God:
Gold: 62            SH:  0    Dex: 16    Spells: 3/3 levels left

rFire    . . .     SeeInvis .   a - +0 falchion
rCold    + . .     Gourm    .   (no shield)
rNeg     + + +     Faith    .   i - +3 ring mail
rPois    ∞         Spirit   .   (no helmet)
rElec    .         Reflect  .   (no cloak)
rCorr    .         Harm     .   (no gloves)
MR       .....                  (no boots)
Stlth    ++........             (no amulet)
HPRegen  0.00/turn              (no ring)
MPRegen  0.08/turn              (no ring)

@: agile, rotting, hasted, very quick
A: rotting body, claws 1, carnivore, cold resistance 1, negative energy
resistance 3, inhibited regeneration, torment resistance, unbreathing
a: no special abilities


You were on level 2 of the Dungeon.
You were not hungry.

You visited 1 branch of the dungeon, and saw 2 of its levels.

You collected 62 gold pieces.

Inventory:

Hand Weapons
 a - a +0 falchion (weapon)
Armour
 i - a +3 ring mail (worn)
   (You found it on level 2 of the Dungeon)
Scrolls
 d - 2 scrolls of magic mapping {unknown}
 e - a scroll of enchant weapon {unknown}
 f - 3 scrolls of identify {unknown}
 g - a scroll of fear {unknown}
 j - a scroll of remove curse {unknown}
Comestibles
 c - 3 rations


   Skills:
 + Level 4.2 Fighting
 + Level 3.4 Long Blades
 + Level 3.4 Dodging
 - Level 2.1 Stealth


You had 3 spell levels left.
You didn't know any spells.

Dungeon Overview and Level Annotations

Branches:
Dungeon (2/15)

Altars:
Makhleb


Innate Abilities, Weirdness & Mutations

Your body is rotting away.
You thrive on raw meat.
You are immune to poison.
You have sharp fingernails.
You are carnivorous and can eat meat at any time.
Your flesh is cold resistant. (rC+)
You are immune to negative energy. (rN+++)
You do not regenerate when monsters are visible.
You are immune to unholy pain and torment.
You can survive without breathing.


Message History

You closely miss the adder. The adder barely misses you.
You hit the adder. The adder bites you but does no damage.
You hit the adder. The adder bites you but does no damage. The adder bites you.
You take 1 damage, and have 27/30 hp.
You completely miss the adder. The adder barely misses you.
You riposte.
Your ring mail prevents you from hitting the adder.
The adder bites you but does no damage.
You closely miss the adder. The adder bites you.
A hound comes into view.
You take 1 damage, and have 26/30 hp.
The hound barks!
You hit the adder but do no damage. The adder closely misses you.
You riposte.
You closely miss the adder.
The hound moves out of view.
The adder bites you but does no damage.
You hit the adder.
You kill the adder!
Your Fighting skill increases to level 4!
You slash the hound! The hound bites you but does no damage.
The hound closely misses you.
You riposte.
You barely miss the hound. You slash the hound! The hound closely misses you.
You riposte.
You closely miss the hound. The hound barely misses you.
You completely miss the hound. The hound bites you but does no damage.
The hound barely misses you.
You hit the hound.
You kill the hound!
You have reached level 4!
You regained 7 hp, and now have 33/37 hp.
MP restored: 3
Found a burning altar of Makhleb.
You see here an adder corpse.
Found a stone staircase leading down.
No target in view!
b - a sedimented white potion You now have 62 gold pieces (gained 14).
Found an escape hatch in the ceiling.
No target in view!
No target in view!
j - a scroll labeled WILAUNTI CYBUG A gnoll comes into view.
It is wielding a flail of protection.
The gnoll shouts!
A gnoll comes into view. It is wielding a flail.
Health restored: 37 A gnoll comes into view.
It is wielding a spear.
The gnoll shouts!
An adder and a gnoll come into view.
The adder moves out of view.
You aren't carrying any items that you can evoke.
The gnoll shouts!
The adder hisses angrily.
The gnoll hits you with a flail of protection.
You take 3 damage, and have 34/37 hp.
You closely miss the gnoll. The gnoll closely misses you.
You hit the gnoll but do no damage. You hit the gnoll but do no damage.
The gnoll hits you with a flail of protection!
The gnoll closely misses you.
You riposte.
You hit the gnoll but do no damage.
You take 12 damage, and have 22/37 hp.
MASSIVE DAMAGE!!
It was a potion of agility.
You feel agile all of a sudden. The gnoll closely misses you. x2
The gnoll closely misses you.
You riposte.
You barely miss the gnoll. The gnoll closely misses you.
You hit the gnoll. You barely miss the gnoll. The gnoll barely misses you.
You riposte.
You hit the gnoll. You hit the gnoll but do no damage. The gnoll misses you.
You hit the gnoll but do no damage. The gnoll hits you but does no damage.
It was a potion of haste.
You feel yourself speed up. The gnoll closely misses you.
The gnoll completely misses you.
You riposte.
You hit the gnoll but do no damage. You hit the gnoll but do no damage.
The gnoll hits you with a flail! The gnoll closely misses you.
You riposte.
You hit the gnoll but do no damage.
You take 8 damage, and have 14/37 hp.
MASSIVE DAMAGE!!
Unknown command.
You hit the gnoll but do no damage. The gnoll closely misses you.
The gnoll completely misses you.
You closely miss the gnoll.
You see here an adder corpse.
You barely miss the gnoll. The gnoll completely misses you.
You see here an adder corpse.
You hit the gnoll but do no damage. The gnoll misses you.
The gnoll hits you with a flail of protection.
* * * LOW HITPOINT WARNING * * *
The gnoll closely misses you.
You take 3 damage, and have 11/37 hp.
You hit the gnoll but do no damage. You hit the gnoll.
The gnoll closely misses you. The gnoll hits you but does no damage.
The gnoll hits you with a flail of protection.
* * * LOW HITPOINT WARNING * * *
You take 6 damage, and have 5/37 hp.
You barely miss the gnoll. The gnoll barely misses you.
The gnoll closely misses you.
You riposte.
You hit the gnoll. You hit the gnoll. The gnoll barely misses you.
You completely miss the gnoll.
The gnoll hits you from afar with a spear.
You die...

... #.......# #....#
...####.. ##'#.#
#.##. #.#.#
##....#####.#.######
#∩_................#
.....####.#....#.#
#...#....#.##.#
#..g##g..#.##.#
#..Sg@...(....
#..g####.#####
#...........
#............
#..#g###.#####
#.##gS##.#
####.#.###.##.#
#.(..#.# #g.#(#
....#.# ##.#.#


You could see 4 gnolls and an adder.

Vanquished Creatures
  A hound (D:2)
  An adder (D:2)
  An ooze (D:1)
  4 dart slugs (D:1)
  A leopard gecko (D:1)
  3 giant cockroaches (D:1)
  3 goblins (D:1)
  4 hobgoblins
  2 kobolds (D:1)
  5 bats (D:1)
  3 frilled lizards (D:1)
  3 rats
31 creatures vanquished.

Notes
Turn   | Place    | Note
-------+----------+-------------------------------------------
     0 | D:1      | mhoghedin the Ghoul Monk began the quest for the Orb.
     0 | D:1      | Reached XP level 1. HP: 19/19 MP: 0/0
    80 | D:1      | HP: 3/19 [kobold (2)]
    84 | D:1      | Reached XP level 2. HP: 4/26 MP: 1/1
   475 | D:1      | Reached skill level 3 in Dodging
   479 | D:1      | Reached skill level 3 in Long Blades
   519 | D:1      | Reached XP level 3. HP: 13/33 MP: 2/2
   535 | D:1      | HP: 8/32 [dart slug/slug dart (3)]
   941 | D:2      | Reached skill level 4 in Fighting
   945 | D:2      | Reached XP level 4. HP: 33/37 MP: 3/3
   946 | D:2      | Found a burning altar of Makhleb.
  1024 | D:2      | HP: 5/37 [gnoll/flail of protection (6)]
  1027 | D:2      | Slain by a gnoll

Vault maps used:
D:1:      minmay_arrival_four_circles, minmay_misc_feat_tiny
D:2:      makhleb_heckhound_becter

Skill      XL: |  1  2  3 |
---------------+----------+-----
Dodging        | 3 |  3.4
Long Blades    | 3 |  3.4
Fighting       | 4 |  4.2
Stealth        | |  2.1

Action                   |  1- 3 |  4- 6 || total
-------------------------+-------+-------++-------
Melee: Falchion          |   113 |    17 ||   130
  Use: Potion            |       |     2 ||     2
 Stab: Sleeping          |     6 |       ||     6
  Eat: Chunk             |     7 |       ||     7
Armor: Robe              |    21 |       ||    21
       Ring mail         |    12 |     2 ||    14
Dodge: Dodged            |    83 |    20 ||   103
       Rpst.: Falchion   |    24 |     6 ||    30

Table legend:
 A = Spawn XP
 B = Non-spawn XP
 C = Spawn XP percentage of total XP
 D = Spawn monster count
 E = Non-spawn monster count
 F = Spawn count percentage of total count
 G = Total turns spent on level
                    A         B        C        D         E        F      G
               +---------+---------+-------+---------+---------+-------+---------
         Total |       0 |     115 |   0.0 |       0 |      31 |   0.0 |  1027
               +---------+---------+-------+---------+---------+-------+---------
           D:1 |       0 |      58 |   0.0 |       0 |      27 |   0.0 |   852
           D:2 |       0 |      57 |   0.0 |       0 |       4 |   0.0 |   175
               +---------+---------+-------+---------+---------+-------+---------

Vault maps used:
D:1:      minmay_arrival_four_circles, minmay_misc_feat_tiny
D:2:      makhleb_heckhound_becter

Table legend:
 A = Turns spent in this place as a percentage of turns spent in the entire game.
 B = Non-inter-level travel turns spent in this place as a percentage of non-inter-level travel turns spent in the entire game.
 C = Inter-level travel turns spent in this place as a percentage of turns spent in this place.
 D = Turns resting spent in this place as a percentage of non-inter-level travel turns spent in this place.
 E = Turns spent auto-exploring this place as a percentage of non-inter-level travel turns spent in this place.
 F = Non-inter-level travel turns spent in this place divided by the number of levels of this place that you've seen.
                   A       B       C       D       E      F
               +-------+-------+-------+-------+-------+----------------------
         Total | 100.0 | 100.0 |   0.6 |  40.3 |  30.9 | 510.5
       Dungeon | 100.0 | 100.0 |   0.6 |  40.3 |  30.9 | 510.5
               +-------+-------+-------+-------+-------+----------------------

Table legend:
 A = Kills in this place as a percentage of kills in entire the game.
 B = Kills by you in this place as a percentage of kills by you in the entire game.
 C = Kills by friends in this place as a percentage of kills by friends in the entire game.
 D = Other kills in this place as a percentage of other kills in the entire game.
 E = Experience gained in this place as a percentage of experience gained in the entire game.
 F = Experience gained in this place divided by the number of levels of this place that you have seen.
                   A       B       C       D       E      F
               +-------+-------+-------+-------+-------+----------------------
         Total | 100.0 | 100.0 |   N/A |   N/A | 100.0 |  57.5
       Dungeon | 100.0 | 100.0 |   N/A |   N/A | 100.0 |  57.5
               +-------+-------+-------+-------+-------+----------------------
